 Dungeon Crawl Stone Soup version 0.27-a0-1332-g84bddb5ca7 (webtiles) character file.

Game seed: 16237321474585212376

131 Wobber the Insei (level 5, -1/34 HPs)
             Began as an Octopode Transmuter on June 25, 2021.
             Slain by an ice beast (4 damage)
             ... on level 6 of the Dungeon.
             The game lasted 00:07:41 (2655 turns).

Wobber the Insei (Octopode Transmuter)              Turns: 2655, Time: 00:07:41

Health: -1/34      AC:  1    Str: 16    XL:     5   Next: 14%
Magic:  8/8        EV: 13    Int: 16    God:
Gold:   98         SH:  0    Dex: 12    Spells: 5/9 levels left

rFire    . . .     SeeInvis .   r - +1 spear (vorpal)
rCold    + . .     Faith    .   (no shield)
rNeg     . . .     Spirit   .   (helmet currently unavailable)
rPois    .         Reflect  .   (no amulet)
rElec    .         Harm     .   c - ring of protection from cold
rCorr    +         Rampage  .   e - ring of resist corrosion
Will     +....                  h - +6 ring of strength
Stlth    +++.......             n - ring of willpower
HPRegen  0.11/turn              (no ring)
MPRegen  0.11/turn              (no ring)
                                (no ring)
                                (no ring)

@: about to teleport, appendages (expiring), attractive
A: tentacle spike 3, almost no armour, amphibious, 8 rings, camouflage 1,
gelatinous body 1, (nimble swimmer 1), tentacles
a: End Transformation


You were on level 6 of the Dungeon.
One of your tentacles had grown a beastly spike.
You visited 1 branch of the dungeon, and saw 4 of its levels.

You collected 98 gold pieces.

Inventory:

Hand Weapons
 f - a +0 whip
 g - a +0 short sword
 r - a +1 vorpal spear (weapon)
Missiles
 b - 19 arrows
 l - 13 sling bullets
 t - a throwing net
Armour
 k - a +0 buckler
Jewellery
 c - a ring of protection from cold (left tentacle)
 e - a ring of resist corrosion (right tentacle)
 h - a +6 ring of strength (on tentacle)
 n - a ring of willpower (on tentacle)
Scrolls
 d - a scroll of identify {unknown}
 j - a scroll of teleportation
 o - a scroll of enchant weapon {unknown}
 p - a scroll of fog {unknown}
 s - a scroll of acquirement {unknown}
Potions
 a - 2 potions of curing {unknown}
 i - 2 potions of attraction
 m - 2 potions of brilliance {unknown}
 q - a potion of heal wounds {unknown}


   Skills:
 + Level 1.7 Fighting
 - Level 2.0 Dodging
 + Level 2.2 Stealth
 - Level 1.1 Shields
 - Level 3.1 Unarmed Combat
 + Level 2.5 Spellcasting
 * Level 3.1 Transmutations
 * Level 2.1 Poison Magic


You had 5 spell levels left.
You knew the following spells:

 Your Spells              Type           Power      Damage    Failure   Level
a - Beastly Appendage     Tmut           24%        N/A       5%          1
b - Spider Form           Tmut/Pois      5%         N/A       21%         3

Your spell library contained the following spells:

 Spells                   Type           Power      Damage    Failure   Level
 Wereblood                Tmut           12%        N/A       9%          2
 Ice Form                 Ice/Tmut       7%         N/A       71%         4


Dungeon Overview and Level Annotations

Branches:
Dungeon (3/15)

Altars:

Annotations:
D:3 Sigmund


Innate Abilities, Weirdness & Mutations

One of your tentacles has grown a beastly spike.
You cannot wear most types of armour.
You are amphibious.
You can wear up to eight rings at the same time.
Your skin changes colour to match your surroundings (Stealth+).
Your rubbery body absorbs attacks. (AC +1, EV +1)
((You are camouflaged near water. (Stealth+)))
You have tentacles for arms and can constrict up to eight enemies at once.


Message History

Found 8 gold pieces.
Found 27 bolts.
Found 8 gold pieces.
Found a stone staircase leading down.
You now have 86 gold pieces (gained 8).
A water moccasin skeleton comes into view.
The water moccasin skeleton moves out of view.
You see here 8 gold pieces.
Found 12 gold pieces.
An orc comes into view. It is wielding a +0 dagger.
There is a stone staircase leading down here.
A gnoll comes into view. It is wielding a +0 halberd.
A gnoll comes into view. It is wielding a +0 club.
You start waiting.
Done waiting.
You see here 12 gold pieces.
You now have 98 gold pieces (gained 12).
A black bear comes into view.
An ice beast comes into view.
The black bear growls angrily.
You hear a shout!
One of your tentacles grows a vicious spike.
The ice beast hits you. The ice beast freezes you! You resist.
You closely miss the ice beast.
You squeeze the ice beast, but do no damage.
The ice beast hits you. The ice beast freezes you! You resist.
A centaur zombie comes into view.
The ice beast hits you. The ice beast freezes you. You resist.
Your transformation is almost over.
The ice beast completely misses you.
As you read the scroll labelled DOMOLI HAETOEMPALO, it crumbles to dust.
You feel strangely unstable.
It was a scroll of teleportation.
The ice beast hits you.
* * * LOW HITPOINT WARNING * * *
The ice beast freezes you. You resist.
* * * LOW HITPOINT WARNING * * *
It was a potion of attraction.
You feel attractive to monsters. The ice beast hits you.
* * * LOW HITPOINT WARNING * * *
The ice beast freezes you. You resist.
You die...

#.. #.. #### ##.#.
##.... ### ###.....
#.# ##....###
##.### #....##..
#@Y..# ##.......
##.h#### ##......
#..Zo..####....o..
#.........#...h....
##.......#o........
#......##....#....
#..........#.##...
...#####.#..#.# #..
.... #.#..... ..


You could see a black bear, an ice beast, an orc and a centaur zombie.

Vanquished Creatures
  A bullfrog (D:6)
  A worm (D:2)
  2 dart slugs
  4 orcs
  3 ball pythons
  3 bats
  4 endoplasms
  3 giant cockroaches
  4 goblins
  9 hobgoblins
  3 jackals (D:1)
  A quokka (D:2)
  4 frilled lizards
  4 kobolds
  4 rats
50 creatures vanquished.

Notes
Turn   | Place    | Note
-------+----------+-------------------------------------------
     0 | D:1      | Wobber the Octopode Transmuter began the quest for the Orb.
     0 | D:1      | Reached XP level 1. HP: 13/13 MP: 3/3
    95 | D:1      | Found a faded altar of an unknown god.
   274 | D:1      | Reached XP level 2. HP: 6/18 MP: 3/5
   560 | D:1      | Reached skill level 1 in Stealth
   943 | D:1      | Reached XP level 3. HP: 23/23 MP: 4/6
   979 | D:1      | Learned a level 3 spell: Spider Form
  1950 | D:2      | Reached skill level 1 in Poison Magic
  1995 | D:3      | Noticed Sigmund
  2165 | D:3      | Reached XP level 4. HP: 28/28 MP: 5/7
  2398 | D:3      | You fall into a shaft and drop 3 floors!
  2460 | D:6      | Noticed a bullfrog
  2467 | D:6      | Killed a bullfrog
  2468 | D:6      | Reached skill level 1 in Shields
  2468 | D:6      | Reached XP level 5. HP: 34/34 MP: 8/8
  2631 | D:6      | Noticed a black bear
  2639 | D:6      | Noticed an ice beast
  2655 | D:6      | Slain by an ice beast

Illustrated notes

Levels and vault maps discovered:
D:1:      matt_arrival_grand_opening, layout_rooms,
          ebering_ecumenical_altar_webs, hangedman_abyss_or_decor_stabs,
          minmay_quantized
D:2:      layout_rooms, roderic_roman_lattice, chequers_arboretum
D:3:      layout_basic, minmay_splitting_lines, minmay_pentomino_pile,
          uniq_sigmund
D:6:      layout_cave_pools, lemuel_doored_altar, general_overflow_altar

Skill      XL: |  1  2  3  4 |
---------------+-------------+-----
Stealth        | 1 2 |  2.2
Poison Magic   | 1 2 |  2.1
Shields        | 1 |  1.1
Transmutations | 3 |  3.1
Fighting       | |  1.7
Dodging        | |  2.0
Unarmed Combat | |  3.1
Spellcasting   | |  2.5

Action                   |  1- 3 |  4- 6 || total
-------------------------+-------+-------++-------
Melee: Unarmed           |    37 |       ||    37
       Kick              |    20 |     3 ||    23
       Constrict         |    27 |     5 ||    32
       Tentacles         |    10 |     3 ||    13
       Short sword       |    43 |       ||    43
       Spear             |     4 |    14 ||    18
 Cast: Beastly Appendage |    30 |     7 ||    37
  Use: Scroll            |       |     1 ||     1
       Potion            |       |     1 ||     1
 Stab: Sleeping          |     9 |       ||     9
Armor: Skin              |     5 |       ||     5
Dodge: Dodged            |    50 |    10 ||    60

Table legend: (Time is in decaauts)
 A = Elapsed time spent in this place.
 B = Non-inter-level travel time spent in this place.
 C = Inter-level travel time spent in this place.
 D = Time resting spent in this place.
 E = Time spent auto-exploring this place.
 F = Levels seen in this place.
 G = Mean time per level.
                   A        B        C        D        E       F      G
               +--------+--------+--------+--------+--------+-----+--------+
         Total |   2656 |   2553 |    103 |    723 |   1224 |   4 |  664.0 |
       Dungeon |   2656 |   2553 |    103 |    723 |   1224 |   4 |  664.0 |
               +--------+--------+--------+--------+--------+-----+--------+

Top non-repeatable levels by time:
     D:1: 1335 daAuts
     D:2: 765 daAuts
     D:3: 298 daAuts
     D:6: 257 daAuts
